[Event "December 19 Early 2023"]
[Site "https://www.chess.com"]
[Date "2023.12.19"]
[Round "10"]
[White "Jones, Gawain C B"]
[Black "Yaran, Siar"]
[Result "0-1"]
[Board "18"]
[TimeControl "180+1"]
[WhiteFideId "409561"]
[BlackFideId "6323006"]
[WhiteElo "2645"]
[BlackElo "2191"]
[WhiteTeam "ENG"]
[BlackTeam "TUR"]
[WhiteClock "0:00:11"]
[BlackClock "0:00:43"]

1. a3 d5 2. Nf3 Nf6 3. b4 e6 4. Bb2 Bd6 5. e3 O-O 6. c4 c6 7. Qc2 Nbd7 8. Nc3 a6 9. d4 Qe7 10. Bd3 e5 11. c5 Bc7 12. dxe5 Nxe5 13. Nxe5 Bxe5 14. Ne2 Bc7 15. h3 Re8 16. O-O h5 17. Nd4 Ne4 18. Nf3 Bf5 19. Nd2 Rad8 20. Bxe4 dxe4 21. Rfd1 Qg5 22. Kf1 Re6 23. Nc4 Rd3 24. Rxd3 exd3 25. Qd2 Rg6 26. f4 Qg3 27. Qf2 Qh2 28. Qg1 Rxg2 29. Qxh2 Rxh2 30. Kg1 Re2 31. Rd1 Be6 32. Be5 Bxc4 33. Bxc7 d2 34. Kf1 Re1+ 0-1

[Event "December 19 Early 2023"]
[Site "https://www.chess.com"]
[Date "2023.12.19"]
[Round "10"]
[White "Krzyzanowski, Marcin"]
[Black "Harutjunyan, Gevorg"]
[Result "1-0"]
[Board "19"]
[TimeControl "180+1"]
[WhiteFideId "1132199"]
[BlackFideId "13300873"]
[WhiteElo "2471"]
[BlackElo "2436"]
[WhiteTeam "POL"]
[BlackTeam "ARM"]
[WhiteClock "0:00:09"]
[BlackClock "0:00:02"]

1. e4 c6 2. d4 d5 3. e5 Bf5 4. c4 e6 5. Nc3 Bb4 6. cxd5 cxd5 7. h4 h6 8. g4 Be4 9. f3 Bh7 10. h5 Nc6 11. Bd3 Bxd3 12. Qxd3 Nge7 13. Ne2 Rc8 14. Bd2 Ba5 15. a3 Bxc3 16. Bxc3 a6 17. f4 Na5 18. f5 Qb6 19. Rf1 Nc4 20. fxe6 Qxe6 21. Qf3 O-O 22. Nf4 Qb6 23. Rf2 Qc6 24. Kf1 f6 25. e6 Nd6 26. Bb4 a5 27. Bxd6 Qxd6 28. Re1 Rc4 29. Qe3 f5 30. Ng6 Nxg6 31. hxg6 f4 32. e7 Re8 33. Rxf4 Qxg6 34. Qf3 Kh7 35. Rf8 Rcc8 36. Re2 Qg5 37. Kg2 h5 38. Kg3 Qxg4+ 39. Qxg4 hxg4 40. Rh2+ Kg6 41. Rhh8 Rxe7 42. Rxc8 Re3+ 43. Kxg4 Re4+ 44. Kf3 Rxd4 45. Rc7 Rd3+ 46. Ke2 Rb3 47. Rc2 d4 48. Rd8 Rg3 49. Rxd4 Rg2+ 50. Kd3 Rg3+ 51. Kc4 Rg5 52. Rd5 Rg4+ 53. Kb5 a4 54. Kb6 Rg5 55. Rxg5+ Kxg5 56. Kxb7 1-0

[Event "December 19 Early 2023"]
[Site "https://www.chess.com"]
[Date "2023.12.19"]
[Round "10"]
[White "Durarbayli, Vasif"]
[Black "Agibileg, Uurtsaikh"]
[Result "1-0"]
[Board "20"]
[TimeControl "180+1"]
[WhiteFideId "13402935"]
[BlackFideId "4901606"]
[WhiteElo "2551"]
[BlackElo "2288"]
[WhiteTeam "AZE"]
[BlackTeam "MGL"]
[WhiteClock "0:01:37"]
[BlackClock "0:00:01"]

1. e4 e5 2. Nf3 Nc6 3. Bc4 Nf6 4. d3 h6 5. a4 d6 6. a5 a6 7. Nc3 g6 8. d4 exd4 9. Nxd4 Bg7 10. Nxc6 bxc6 11. O-O O-O 12. Re1 Qe7 13. h3 Rb8 14. Qe2 Nd7 15. Bxa6 Bxa6 16. Qxa6 Nc5 17. Qxc6 Rfe8 18. Nd5 Qh4 19. a6 Nxe4 20. Be3 Bxb2 21. Ra4 Qh5 22. a7 Nxf2 23. Bxf2 Rxe1+ 24. Bxe1 1-0

[Event "December 19 Early 2023"]
[Site "https://www.chess.com"]
[Date "2023.12.19"]
[Round "10"]
[White "Finek, Vaclav"]
[Black "Manukyan, Sargis A."]
[Result "1/2-1/2"]
[Board "21"]
[TimeControl "180+1"]
[WhiteFideId "23718293"]
[BlackFideId "13303970"]
[WhiteElo "2309"]
[BlackElo "2186"]
[WhiteTeam "CZE"]
[BlackTeam "ARM"]
[WhiteClock "0:00:03"]
[BlackClock "0:00:09"]

1. d4 d5 2. Nf3 Nf6 3. g3 e6 4. Bg2 Be7 5. O-O O-O 6. c4 dxc4 7. Qc2 a6 8. a4 c5 9. dxc5 Bxc5 10. Qxc4 Nbd7 11. Ne1 b5 12. Qc2 Rb8 13. Nd3 Bd6 14. Be3 Bb7 15. Bxb7 Rxb7 16. axb5 axb5 17. Qc6 Qb8 18. Ba7 Qc7 19. Qxc7 Rxc7 20. Nc3 Rb7 21. Be3 b4 22. Na4 Rc8 23. Rfc1 Rbc7 24. Rxc7 Rxc7 25. Nac5 h6 26. Nxd7 Nxd7 27. Rc1 Rxc1+ 28. Nxc1 Nb8 29. Nd3 Kf8 30. Kf1 Ke7 31. Ke1 e5 32. Kd2 Nc6 33. Kc2 Na5 34. Bb6 Nc4 35. Bc5 e4 36. Bxd6+ Kxd6 37. Nxb4 Kc5 38. Na2 e3 39. f4 Nd2 40. Kd3 Nf1 41. Nc3 h5 42. Ne4+ Kd5 43. b4 f6 44. Nc3+ Kd6 45. Ke4 Nxh2 46. Kxe3 Nf1+ 47. Kf2 Nd2 48. e4 Nc4 49. Ke2 g5 50. Kd3 Nb2+ 51. Kd4 h4 52. gxh4 gxh4 53. e5+ fxe5+ 54. fxe5+ Ke6 55. Ne4 Kd7 56. Ng5 Na4 57. b5 Nb6 58. Nh3 Nc8 59. Nf4 Ne7 60. Kc5 Nc8 61. e6+ Ke7 62. Ng6+ Kxe6 63. Nxh4 Kd7 64. Nf3 Nd6 65. Ne5+ Kc7 66. b6+ Kb7 67. Nd7 Nc8 68. Kb5 Nxb6 1/2-1/2

[Event "December 19 Early 2023"]
[Site "https://www.chess.com"]
[Date "2023.12.19"]
[Round "10"]
[White "Alexandre, Anne Shopie Elizabeth"]
[Black "Ozates, Tuna"]
[Result "1-0"]
[Board "22"]
[TimeControl "180+1"]
[WhiteFideId "11902418"]
[BlackFideId "6354521"]
[WhiteElo "2843"]
[BlackElo "2151"]
[WhiteTeam "HAI"]
[BlackTeam "TUR"]
[WhiteClock "0:01:21"]
[BlackClock "0:00:09"]

1. d4 Nf6 2. c4 e6 3. Nc3 d5 4. cxd5 Nxd5 5. e4 Nxc3 6. bxc3 c5 7. a3 cxd4 8. cxd4 Be7 9. Nf3 O-O 10. Bc4 b5 11. Bd3 b4 12. O-O a5 13. axb4 Bxb4 14. e5 h6 15. Be4 Ra7 16. d5 exd5 17. Qxd5 Bb7 18. Qxd8 Rxd8 19. Be3 Bxe4 20. Bxa7 Bxf3 21. gxf3 Nc6 22. Bb6 Rd3 23. f4 g5 24. Be3 gxf4 25. Bxf4 Nd4 26. Bxh6 Nf3+ 27. Kg2 Nxe5 28. Rfd1 Rf3 29. Rd5 Rf6 30. Bg5 Rg6 31. Rxe5 f6 32. Rb5 Bd2 33. Rd1 Bxg5 34. Rd7 Bf4+ 35. Kf3 Bxh2 36. Rxa5 Rg7 37. Rd8+ Kf7 38. Rd7+ Kg6 39. Rxg7+ Kxg7 40. Kg4 Kg6 41. Rb5 Be5 42. f3 Ba1 43. f4 Bc3 44. Kf3 Ba1 45. Ke4 Bc3 46. Kd5 Ba1 47. Ke6 Bc3 48. Rb3 Ba1 49. Rg3+ Kh5 50. Kf5 Kh4 51. Rg8 Bb2 52. Rg6 1-0

[Event "December 19 Early 2023"]
[Site "https://www.chess.com"]
[Date "2023.12.19"]
[Round "10"]
[White "Vakhlamov, Igor L."]
[Black "Pak, Yevgeniy"]
[Result "0-1"]
[Board "23"]
[TimeControl "180+1"]
[WhiteFideId "24126748"]
[BlackFideId "14201712"]
[WhiteElo "2407"]
[BlackElo "2320"]
[WhiteTeam "RUS"]
[BlackTeam "KAZ"]
[WhiteClock "0:00:05"]
[BlackClock "0:00:05"]

1. e4 c5 2. Nf3 e6 3. Nc3 a6 4. d4 cxd4 5. Nxd4 b5 6. Bd3 Qb6 7. Nb3 Qc7 8. O-O Nf6 9. Re1 d6 10. Qe2 Bb7 11. a4 b4 12. Na2 Nc6 13. Bd2 d5 14. exd5 Nxd5 15. Be4 Na5 16. Nxa5 Qxa5 17. c3 Qc7 18. Nxb4 Nf6 19. Bf4 Qc8 20. Bxb7 Qxb7 21. Nd3 h5 22. b4 h4 23. h3 Rh5 24. Be5 Rf5 25. Rab1 Nd7 26. Bd4 Be7 27. b5 axb5 28. axb5 Rxb5 29. Nc5 Rxb1 30. Nxb7 Raa1 31. Rxb1 Rxb1+ 32. Kh2 Rxb7 33. Bxg7 Bd6+ 34. g3 hxg3+ 35. fxg3 Ba3 36. Qa6 Rb2+ 37. Kh1 Rb1+ 38. Kg2 Rb2+ 39. Kf1 Rb1+ 40. Ke2 Rb2+ 41. Kf3 Bc5 42. h4 Ke7 43. Bd4 Bd6 44. Qa1 Rc2 45. Qb1 Rh2 46. Bg1 Ne5+ 47. Ke4 f5+ 48. Ke3 Rb2 49. Qf1 Bc5+ 50. Kf4 Bd6 51. Kg5 Nf7+ 52. Kg6 Rb8 53. Bd4 Rg8+ 54. Kh7 Rg4 55. Qf3 Be5 56. Qe3 Rg7# 0-1

[Event "December 19 Early 2023"]
[Site "https://www.chess.com"]
[Date "2023.12.19"]
[Round "10"]
[White "Khumalo, Keith"]
[Black "Caruana, Fabiano"]
[Result "1-0"]
[Board "24"]
[TimeControl "180+1"]
[WhiteFideId "14319470"]
[BlackFideId "2020009"]
[WhiteElo "2093"]
[BlackElo "2815"]
[WhiteTeam "RSA"]
[BlackTeam "USA"]
[WhiteClock "0:01:23"]
[BlackClock "0:01:15"]

1. d4 g6 2. c4 Bg7 3. e4 d6 4. d5 Nf6 5. Bd3 O-O 6. Ne2 Nbd7 7. Nbc3 Nc5 8. Bc2 a5 9. O-O e6 10. a3 Bd7 11. Rb1 a4 12. f3 b6 13. Bg5 h6 14. Be3 Qe8 15. Qd2 h5 16. Rbe1 e5 17. Qd1 Kh7 18. h3 Ng8 19. Qd2 Bh6 20. f4 exf4 21. Bxf4 Bg7 22. Nd4 Be5 23. Bxe5 dxe5 24. Ndb5 Qd8 25. Rf2 f6 26. Ref1 Rf7 27. Qd1 Bxb5 28. Nxb5 Qd7 29. Qf3 Kg7 30. Rd1 Raf8 31. Rdf1 Ne7 32. Nc3 Nc8 33. Qd1 Nd6 34. Qe2 h4 35. Rf3 Rh8 36. Qf2 Qe7 37. Qe2 Rh5 38. Nxa4 Ndxe4 39. Nxc5 Qxc5+ 40. Qe3 Nd2 41. Qxc5 bxc5 42. b4 cxb4 43. axb4 e4 44. Ra3 Nxf1 45. Kxf1 f5 46. c5 Rg5 47. b5 Kf6 48. d6 Ke5 49. Ra7 Rg3 50. b6 Rc3 51. dxc7 Rxc5 52. b7 1-0

[Event "December 19 Early 2023"]
[Site "https://www.chess.com"]
[Date "2023.12.19"]
[Round "10"]
[White "Rozman, Levy"]
[Black "Pranav, V"]
[Result "0-1"]
[Board "25"]
[TimeControl "180+1"]
[WhiteFideId "2039877"]
[BlackFideId "25060783"]
[WhiteElo "2376"]
[BlackElo "2562"]
[WhiteTeam "USA"]
[BlackTeam "IND"]
[WhiteClock "0:00:02"]
[BlackClock "0:00:42"]

1. e4 e5 2. Nc3 Nf6 3. f4 d5 4. fxe5 Nxe4 5. Qf3 f5 6. d3 Nxc3 7. bxc3 d4 8. Qg3 Nc6 9. Be2 g6 10. Rb1 dxc3 11. h4 Nd4 12. Bd1 Rg8 13. Nf3 Ne6 14. Be3 Qd5 15. O-O Bd7 16. Rb3 Bc5 17. Qf2 Bxe3 18. Qxe3 f4 19. Qf2 Bc6 20. Rxc3 h6 21. Re1 Rd8 22. Nd2 Qd4 23. Rc4 Qxf2+ 24. Kxf2 Ke7 25. Bf3 Bxf3 26. Nxf3 Rd5 27. Rb4 b6 28. Ra4 a5 29. Rc4 g5 30. hxg5 hxg5 31. Rh1 g4 32. Rh7+ Kd8 33. Nd2 g3+ 34. Kf1 Rxe5 35. Ne4 Rb5 36. Nf6 f3 37. Nxg8 Rb1# 0-1

[Event "December 19 Early 2023"]
[Site "https://www.chess.com"]
[Date "2023.12.19"]
[Round "10"]
[White "Piesik, Piotr"]
[Black "Demchenko, Anton"]
[Result "0-1"]
[Board "26"]
[TimeControl "180+1"]
[WhiteFideId "1136194"]
[BlackFideId "4160258"]
[WhiteElo "2319"]
[BlackElo "2545"]
[WhiteTeam "CZE"]
[BlackTeam "SLO"]
[WhiteClock "0:00:37"]
[BlackClock "0:00:28"]

1. Nf3 Nf6 2. g3 d6 3. d4 g6 4. Bg2 Bg7 5. O-O O-O 6. Nbd2 Nc6 7. e4 e5 8. dxe5 dxe5 9. c3 b6 10. Qe2 a5 11. Rd1 Ba6 12. Qe1 a4 13. Bf1 Bxf1 14. Nxf1 Qc8 15. Bg5 Nd7 16. Qe2 Nc5 17. N3d2 Qa6 18. Qxa6 Rxa6 19. f3 f5 20. exf5 gxf5 21. Be3 Ne6 22. Bf2 Raa8 23. Ne3 Rf7 24. Ng2 b5 25. a3 Na5 26. Ne3 c6 27. Ndf1 f4 28. gxf4 exf4 29. Ng2 Nc4 30. Rab1 Ng5 31. Nh4 Bf6 32. Kh1 Kh8 33. Nd2 Nh3 34. Be1 Ne3 35. Ne4 Nxd1 36. Rxd1 Rg8 37. Ng2 Be5 38. Bh4 h6 39. Nf2 Nxf2+ 40. Bxf2 Rgg7 41. Rd8+ Kh7 42. Ne1 Rd7 43. Re8 Bc7 44. Re2 Rge7 45. Rxe7+ Rxe7 46. Kg2 Re2 47. Nd3 Rd2 0-1

[Event "December 19 Early 2023"]
[Site "https://www.chess.com"]
[Date "2023.12.19"]
[Round "10"]
[White "Ter-Sahakyan, Samvel"]
[Black "Gubajdullin, Alexei"]
[Result "1-0"]
[Board "27"]
[TimeControl "180+1"]
[WhiteFideId "13302531"]
[BlackFideId "4141202"]
[WhiteElo "2556"]
[BlackElo "2274"]
[WhiteTeam "ARM"]
[BlackTeam "RUS"]
[WhiteClock "0:00:05"]
[BlackClock "0:00:00"]

1. e4 e5 2. Nf3 Nf6 3. Nxe5 d6 4. Nf3 Nxe4 5. d4 d5 6. Bd3 Nc6 7. O-O Be7 8. Nbd2 Nxd2 9. Bxd2 Bg4 10. c3 O-O 11. h3 Bh5 12. g3 Qd7 13. Kg2 Rae8 14. Qc2 h6 15. Bf5 Qd8 16. Rae1 Bf6 17. Qd3 Ne7 18. Bh7+ Kh8 19. g4 Bg6 20. Bxg6 Nxg6 21. Qf5 c6 22. Bf4 Rxe1 23. Rxe1 Kg8 24. Bg3 Re8 25. Rxe8+ Qxe8 26. h4 Qe6 27. Qxe6 fxe6 28. h5 Nf8 29. Bd6 Nd7 30. Ne5 Nxe5 31. dxe5 Bg5 32. Kg3 Bc1 33. b3 b5 34. Bc5 a6 35. b4 Bd2 36. Bd4 Kf7 37. f4 g6 38. hxg6+ Kxg6 39. Kf3 h5 40. gxh5+ Kxh5 41. f5 exf5 42. e6 Kg6 43. Kg3 Bg5 44. Kf3 Bf6 45. Kf4 Bd8 46. Be5 Be7 47. Bd4 Bd6+ 48. Kf3 Be7 49. Kf4 Bd6+ 50. Kf3 f4 51. Kg4 f3 52. Kxf3 Kf5 53. Ke3 Kxe6 54. Kd3 Kf5 55. Be3 Be5 56. Bd4 Kf4 57. Bc5 Kf3 58. Bb6 Kf4 59. Bc5 Kf5 60. Be3 Bf6 61. Bc5 Ke6 62. Be3 Be5 63. Bc5 Kf5 64. Be3 Kg4 65. Bd4 Bd6 66. Be3 Kf3 67. Bd4 Kg2 68. Ke2 Bf4 69. Bf6 1-0

[Event "December 19 Early 2023"]
[Site "https://www.chess.com"]
[Date "2023.12.19"]
[Round "10"]
[White "Galchenko, Matvey"]
[Black "Skliarov, Viktor"]
[Result "1-0"]
[Board "28"]
[TimeControl "180+1"]
[WhiteFideId "24175480"]
[BlackFideId "14106736"]
[WhiteElo "2424"]
[BlackElo "2301"]
[WhiteTeam "FID"]
[BlackTeam "UKR"]
[WhiteClock "0:01:39"]
[BlackClock "0:00:01"]

1. e4 c5 2. c3 d6 3. d4 Nf6 4. Bd3 g6 5. h3 Qc7 6. Nf3 Bg7 7. O-O O-O 8. Re1 a6 9. Bg5 b5 10. a4 c4 11. Bc2 Bb7 12. Nbd2 e5 13. Nf1 Nbd7 14. Ng3 Rae8 15. Qd2 d5 16. Nxe5 Nxe5 17. dxe5 Qxe5 18. f4 Qc7 19. e5 Nd7 20. axb5 axb5 21. Ne2 f6 22. exf6 Nxf6 23. Nd4 Ne4 24. Bxe4 dxe4 25. Nxb5 Qc5+ 26. Nd4 h6 27. Bh4 Qh5 28. Bg3 g5 29. fxg5 e3 30. Rxe3 Qxg5 31. Rae1 Rd8 32. Qe2 Rxd4 33. cxd4 Bxd4 34. Qxc4+ Qd5 35. Qxd5+ Bxd5 36. Bf2 Bxe3 37. Bxe3 Rb8 38. Re2 Kh7 39. Rd2 Be4 40. Rd7+ Kg6 41. Rd6+ Kf7 42. Bd4 h5 43. Kf2 Rb3 44. Bc3 Rb5 45. g3 Rf5+ 46. Ke3 Bg2 47. g4 Rf3+ 48. Ke2 Rxh3 49. g5 Be4 50. Rf6+ Kg8 51. Kf2 Rh2+ 52. Ke3 Bd5 53. Rh6 h4 54. g6 Rh3+ 55. Kf4 Kf8 56. Rh8+ Bg8 57. Kg5 Rg3+ 58. Kh6 h3 59. Bb4+ Ke8 60. Rxg8+ Kd7 61. Rh8 h2 62. Kg7 Rg2 63. Bc3 Ke6 64. Rh5 Rxg6+ 65. Kxg6 1-0

[Event "December 19 Early 2023"]
[Site "https://www.chess.com"]
[Date "2023.12.19"]
[Round "10"]
[White "Jakubowski, Krzysztof"]
[Black "Zhigalko, Sergei"]
[Result "1-0"]
[Board "29"]
[TimeControl "180+1"]
[WhiteFideId "1112848"]
[BlackFideId "13502956"]
[WhiteElo "2369"]
[BlackElo "2616"]
[WhiteTeam "POL"]
[BlackTeam "BLR"]
[WhiteClock "0:00:06"]
[BlackClock "0:00:00"]

1. e4 c5 2. Nf3 Nc6 3. d4 cxd4 4. Nxd4 Nf6 5. Nc3 e5 6. Ndb5 d6 7. Bg5 a6 8. Na3 b5 9. Nd5 Be7 10. Bxf6 Bxf6 11. c3 Bg5 12. Nc2 Ne7 13. Ncb4 O-O 14. Nxe7+ Qxe7 15. Nd5 Qb7 16. Qd3 f5 17. Be2 fxe4 18. Qxe4 Kh8 19. g4 Be6 20. Bd3 g6 21. Ne3 Qf7 22. O-O Bf4 23. a4 d5 24. Qg2 e4 25. Be2 b4 26. cxb4 Rad8 27. b5 axb5 28. axb5 Qg7 29. Ra6 Qe5 30. b3 Bg8 31. Qh3 d4 32. Nc4 Qg5 33. Bd1 e3 34. fxe3 dxe3 35. Be2 Bd5 36. Ra7 Rf7 37. Rxf7 Bxf7 38. Qf3 Bxc4 39. bxc4 Rf8 40. Kg2 Qh4 41. h3 h5 42. gxh5 Qg5+ 43. Qg4 Qe5 44. hxg6 Kg7 45. Qh5 Qe4+ 46. Rf3 Rh8 47. Qg4 Rf8 48. b6 Rf6 49. Kh1 Qb1+ 50. Rf1 Qe4+ 51. Qf3 1-0

[Event "December 19 Early 2023"]
[Site "https://www.chess.com"]
[Date "2023.12.19"]
[Round "10"]
[White "Tari, Aryan"]
[Black "Sipila, Vilka"]
[Result "1-0"]
[Board "30"]
[TimeControl "180+1"]
[WhiteFideId "1510045"]
[BlackFideId "505455"]
[WhiteElo "2577"]
[BlackElo "2343"]
[WhiteTeam "NOR"]
[BlackTeam "FIN"]
[WhiteClock "0:00:12"]
[BlackClock "0:00:00"]

1. e4 e6 2. d4 d5 3. e5 c5 4. c3 Nc6 5. Nf3 Bd7 6. Be2 Nge7 7. Na3 cxd4 8. cxd4 Nf5 9. Nc2 Be7 10. O-O f6 11. g4 fxe5 12. gxf5 e4 13. fxe6 Bxe6 14. Ne5 O-O 15. Bg4 Qd6 16. Bxe6+ Qxe6 17. Qg4 Nxd4 18. Nxd4 Qxe5 19. Qe6+ Qxe6 20. Nxe6 Rf5 21. Nd4 Rf6 22. Be3 Bd6 23. Kh1 Be5 24. Rad1 a6 25. Rg1 Re8 26. b3 h6 27. Ne2 Rd8 28. Rg4 Rdd6 29. h4 Kf7 30. Kg2 Rf3 31. Nd4 Rff6 32. h5 Rd7 33. Kf1 Rfd6 34. Ke2 Rc7 35. Rdg1 Rdd7 36. Rg6 Rc3 37. Rd1 Rdc7 38. Nf5 Rc2+ 39. Kf1 Rd7 40. a4 Rb2 41. Rb6 Ke8 42. Bd4 Bxd4 43. Rxd4 Kf7 44. Ne3 Rc7 45. Rxd5 Kg8 46. Rf5 Kh7 47. Kg2 Re7 48. a5 Rd7 49. Re6 Rd3 50. Kg3 Rdxb3 51. Rf8 1-0

[Event "December 19 Early 2023"]
[Site "https://www.chess.com"]
[Date "2023.12.19"]
[Round "10"]
[White "Yeletsky, Ivan"]
[Black "Al-Tarboush, Ward"]
[Result "1-0"]
[Board "31"]
[TimeControl "180+1"]
[WhiteFideId "24180327"]
[BlackFideId "7601450"]
[WhiteElo "2379"]
[BlackElo "2278"]
[WhiteTeam "RUS"]
[BlackTeam "NOR"]
[WhiteClock "0:01:47"]
[BlackClock "0:00:00"]

1. d4 Nf6 2. c4 b6 3. f3 Nc6 4. Nc3 d5 5. Qa4 Qd7 6. cxd5 Nxd5 7. Nxd5 Qxd5 8. e4 Qd7 9. Bb5 Bb7 10. d5 Qd6 11. Ne2 e6 12. Bxc6+ Bxc6 13. Qxc6+ Qxc6 14. dxc6 O-O-O 15. Be3 Bb4+ 16. Kf2 Rd6 17. Rhc1 Rhd8 18. a3 Bd2 19. Rc2 Bxe3+ 20. Kxe3 Rd3+ 21. Kf2 e5 22. h4 R8d6 23. Rac1 a5 24. Nc3 Rd2+ 25. Kg1 Kb8 26. Nd5 Rxc2 27. Rxc2 f5 28. Kf2 g6 29. g4 1-0

[Event "December 19 Early 2023"]
[Site "https://www.chess.com"]
[Date "2023.12.19"]
[Round "10"]
[White "Saravana, Krishnan P."]
[Black "Hong, Andrew"]
[Result "0-1"]
[Board "32"]
[TimeControl "180+1"]
[WhiteFideId "5018382"]
[BlackFideId "2099438"]
[WhiteElo "2167"]
[BlackElo "2460"]
[WhiteTeam "IND"]
[BlackTeam "USA"]
[WhiteClock "0:00:02"]
[BlackClock "0:00:45"]

1. e4 Nc6 2. Nf3 d6 3. d4 Nf6 4. Nc3 g6 5. h3 Bg7 6. Bc4 O-O 7. Qe2 a6 8. O-O b5 9. Bb3 Na5 10. Bg5 Nd7 11. Nd5 Re8 12. Bd2 c6 13. Ne3 e6 14. c4 c5 15. dxc5 Nxc5 16. cxb5 axb5 17. Ng4 Naxb3 18. axb3 Rxa1 19. Rxa1 Nxb3 20. Rd1 Qc7 21. Bh6 Qc4 22. Qxc4 bxc4 23. Rxd6 f5 24. exf5 gxf5 25. Bxg7 fxg4 26. hxg4 Kxg7 27. Rc6 Kf6 28. Rxc4 Bb7 29. Rb4 Bd5 30. g5+ Kg6 31. Rg4 Bxf3 32. gxf3 e5 33. Rb4 Nd4 34. Kg2 Kxg5 35. Rb7 h5 36. b4 Ne6 37. b5 Nf4+ 38. Kg1 Rd8 39. Rg7+ Kf6 40. Rh7 Rd1+ 41. Kh2 Rf1 42. Kg3 Rg1+ 43. Kh2 Rg2+ 44. Kh1 Rxf2 45. b6 Rf1+ 46. Kh2 Rxf3 47. b7 Rh3+ 48. Kg1 Rb3 49. Kf2 Kf5 50. Ke1 Ke4 51. Kd2 Ne6 52. Kc2 Nd4+ 53. Kd2 Nc6 54. Kc2 Na5 55. Rxh5 Rxb7 56. Rh4+ Kd5 57. Ra4 Nc6 58. Kd3 Rb3+ 59. Kd2 Nd4 60. Ra5+ Ke4 61. Ra4 Rb2+ 62. Kd1 Kd3 63. Ra3+ Nb3 64. Ra8 Rb1# 0-1

[Event "December 19 Early 2023"]
[Site "https://www.chess.com"]
[Date "2023.12.19"]
[Round "10"]
[White "Manukian, Artak"]
[Black "Postny, Evgeny"]
[Result "1-0"]
[Board "33"]
[TimeControl "180+1"]
[WhiteFideId "13301373"]
[BlackFideId "2804344"]
[WhiteElo "2030"]
[BlackElo "2505"]
[WhiteTeam "ARM"]
[BlackTeam "ISR"]
[WhiteClock "0:01:31"]
[BlackClock "0:00:07"]

1. e4 e5 2. Nf3 Nc6 3. d4 exd4 4. Nxd4 Nf6 5. Nxc6 bxc6 6. e5 Qe7 7. Qe2 Nd5 8. c4 Ba6 9. b3 O-O-O 10. g3 f6 11. e6 dxe6 12. Bh3 f5 13. O-O Nf6 14. Ba3 Qd7 15. Bxf8 Rhxf8 16. Nc3 Bb7 17. Na4 Ne4 18. Bg2 Qd2 19. Rfe1 Qxe2 20. Rxe2 c5 21. Bxe4 Bxe4 22. Nxc5 Bf3 23. Re3 Rd1+ 24. Rxd1 Bxd1 25. Nxe6 Rf7 26. f4 Bc2 27. Kf2 Bb1 28. a4 c6 29. Nc5 Kc7 30. a5 g6 31. Re6 Bc2 32. Ke3 Bd1 33. Kd4 Bf3 34. Ke5 Bg2 35. h4 Bf3 36. b4 Be2 37. Kd4 Bf1 38. Kc3 Rg7 39. Nb3 Rd7 40. Nd4 Bg2 41. h5 Rg7 42. Re2 Be4 43. Ne6+ 1-0

[Event "December 19 Early 2023"]
[Site "https://www.chess.com"]
[Date "2023.12.19"]
[Round "10"]
[White "Starozhilov, Leonid"]
[Black "Belov, Alexei"]
[Result "1/2-1/2"]
[Board "34"]
[TimeControl "180+1"]
[WhiteFideId "14106752"]
[BlackFideId "4128206"]
[WhiteElo "2246"]
[BlackElo "2602"]
[WhiteTeam "UKR"]
[BlackTeam "RUS"]
[WhiteClock "0:00:03"]
[BlackClock "0:00:21"]

1. e4 e6 2. d4 d5 3. Nc3 Nf6 4. Bg5 dxe4 5. Nxe4 Be7 6. Bxf6 Bxf6 7. Nxf6+ Qxf6 8. Nf3 O-O 9. c3 Nd7 10. Be2 e5 11. O-O exd4 12. Qxd4 c6 13. Rad1 Qxd4 14. Rxd4 Nb6 15. Rfd1 Be6 16. b3 Rfe8 17. Kf1 a5 18. Ng5 Bd5 19. f3 h6 20. Nh3 a4 21. c4 Be6 22. Nf4 axb3 23. axb3 Ra3 24. Rd8 Kf8 25. Rxe8+ Kxe8 26. Rd3 Bf5 27. Re3+ Kf8 28. g4 Bh7 29. h4 Bc2 30. Kf2 Rxb3 31. Re5 Rb2 32. Kg3 Bb3 33. c5 Nd5 34. Bd3 Bc2 35. Nxd5 Bxd3 36. Nb6 Rc2 37. Nd7+ Kg8 38. Re8+ Kh7 39. Nf8+ Kg8 40. Nd7+ Kh7 41. Nf8+ Kg8 42. Nd7+ 1/2-1/2

[Event "December 19 Early 2023"]
[Site "https://www.chess.com"]
[Date "2023.12.19"]
[Round "10"]
[White "Shaik Sumer Arsh"]
[Black "Yeritsyan, Hayk"]
[Result "1/2-1/2"]
[Board "35"]
[TimeControl "180+1"]
[WhiteFideId "45020000"]
[BlackFideId "13307320"]
[WhiteElo "2358"]
[BlackElo "2130"]
[WhiteTeam "IND"]
[BlackTeam "ARM"]
[WhiteClock "0:00:07"]
[BlackClock "0:00:08"]

1. d4 Nf6 2. c4 g6 3. Nc3 Bg7 4. e4 O-O 5. Nf3 d6 6. Be2 e5 7. Be3 Nc6 8. d5 Ne7 9. Nd2 a5 10. c5 Ne8 11. Nc4 f5 12. f3 Nf6 13. cxd6 cxd6 14. Bb6 Qd7 15. Bxa5 b5 16. Nb6 Qa7 17. b4 Rb8 18. Nxb5 Qb7 19. Nxd6 Qc7 20. Ndc4 Qa7 21. Qb3 Kh8 22. Bd3 fxe4 23. fxe4 Ba6 24. O-O-O Nc8 25. Nxc8 Rfxc8 26. Kb1 Nxe4 27. Rhe1 Nc5 28. bxc5 Rxb3+ 29. axb3 Bxc4 30. Bb6 Bxd3+ 31. Rxd3 Qa6 32. Rf3 e4 33. Rxe4 Qa1+ 34. Kc2 Qb2+ 35. Kd1 Ra8 36. Ra4 Rxa4 37. bxa4 Qd4+ 38. Ke2 Qxd5 39. Rd3 Qe4+ 40. Re3 Qc2+ 41. Kf1 h5 42. Re8+ Kh7 43. a5 Qc4+ 44. Re2 Bd4 45. g3 Bxc5 46. Bxc5 Qxc5 47. a6 Qa5 48. Re7+ Kh6 49. a7 Kg5 50. Kg2 h4 51. gxh4+ Kxh4 52. Re4+ Kg5 53. Re7 Qa2+ 54. Kg3 Qa3+ 55. Kf2 Kf4 56. Rf7+ Kg4 57. Rh7 g5 58. h3+ Kf4 59. Rf7+ Ke4 60. Re7+ Kf5 61. Rf7+ Kg6 62. Rc7 Kf6 63. Rh7 Ke5 64. Kg2 Kf4 65. Rf7+ Ke4 66. Rg7 Kf4 67. Rf7+ Ke5 68. Rg7 Kd6 69. Rg6+ Kc7 70. Rg7+ Kb6 71. Rxg5 Kxa7 72. Rg4 Kb6 73. Rg3 Qb2+ 74. Kf3 Kc5 75. Kg4 Kd6 76. Rf3 Ke5 77. Rf5+ Ke6 78. Rf4 Qg2+ 79. Kh4 Ke5 80. Rg4 Qf2+ 81. Kh5 Kf5 82. Rg5+ Kf6 83. Rg6+ Kf7 84. Rg5 Qf3+ 85. Kh4 Qf4+ 86. Rg4 Qf2+ 87. Kh5 Qf3 88. Kh4 Kf6 89. Rg6+ Kf7 90. Rg4 Qe2 91. Rf4+ Kg6 92. Rg4+ Kh6 93. Rf4 Qe1+ 94. Kg4 Qg1+ 95. Kf3 Qf1+ 96. Kg3 Qe1+ 97. Kg4 Qe6+ 98. Kg3 Qe5 99. Kg4 Qg5+ 100. Kf3 Qh5+ 101. Kg3 Qe5 102. Kg4 Kg6 103. h4 Qe2+ 104. Kg3 Qe1+ 105. Kg4 Qg1+ 106. Kh3 Kh5 107. Rf5+ Kh6 108. Rg5 Qf2 109. Kg4 Qe2+ 110. Kg3 Qe3+ 111. Kg4 Qg1+ 112. Kh3 Qf2 113. Kg4 Qe3 114. Rh5+ Kg6 115. Rg5+ Kf6 116. Rf5+ Ke6 117. Rf3 Qe2 118. Kg3 Ke5 119. Rf2 Qe3+ 120. Rf3 Qg1+ 121. Kh3 Ke4 122. Rg3 Qh1+ 123. Kg4 Qd1+ 124. Kg5 Qd2+ 125. Kh5 Qd1+ 126. Kh6 Kf5 127. Rg5+ Kf6 128. Rg6+ Kf7 129. Rg7+ Kf8 130. h5 Qd2+ 131. Kh7 Qd3+ 132. Rg6 Qd7+ 133. Kh6 Qd2+ 134. Kh7 Qf4 135. h6 Qf7+ 136. Rg7 Qf5+ 137. Kh8 Qf6 138. Kh7 Qf5+ 139. Kh8 Qe5 140. Kh7 Qe4+ 141. Kh8 Qd4 142. Kh7 Qf6 143. Rg8+ Kf7 144. Rg7+ Ke8 145. Rg8+ Ke7 146. Rg7+ Kf8 147. Rg8+ Kf7 148. Rg7+ Kf8 1/2-1/2

[Event "December 19 Early 2023"]
[Site "https://www.chess.com"]
[Date "2023.12.19"]
[Round "10"]
[White "Kashefi, Amir Hosein"]
[Black "Truskavetsky, Alexandr"]
[Result "0-1"]
[Board "36"]
[TimeControl "180+1"]
[WhiteFideId "12557935"]
[BlackFideId "14108577"]
[WhiteElo "2109"]
[BlackElo "2210"]
[WhiteTeam "IRI"]
[BlackTeam "RUS"]
[WhiteClock "0:00:00"]
[BlackClock "0:02:04"]

1. d4 Nf6 2. Nf3 c5 3. g3 cxd4 4. Nxd4 e5 5. Nb3 d5 6. Bg2 a5 7. a4 Nc6 8. O-O Be6 9. Bg5 Be7 10. Nc3 d4 11. Bxf6 gxf6 12. Ne4 Qb6 13. Kh1 f5 14. Ned2 e4 15. c4 O-O 16. Rc1 Rad8 17. Nb1 Ne5 18. N3d2 d3 19. b3 dxe2 20. Qxe2 Nd3 21. Rcd1 Bc5 22. Nc3 Nxf2+ 23. Rxf2 Bxf2 24. g4 e3 25. gxf5 Bxf5 26. Nd5 Rxd5 27. Bxd5 exd2 28. Rxd2 Be3 29. Rd1 Bg6 30. Re1 Bh6 31. Qf3 Qb4 32. Rg1 b6 33. h4 Qe7 34. Rg4 Kh8 35. h5 Bxh5 36. Re4 Bxf3+ 0-1